 Dungeon Crawl Stone Soup version 0.28.0-1-gb440e238dd (webtiles) character file.

Game seed: 12460515916177889860

46 zeram the Shield-Bearer (level 3, 0/24 HPs)
             Began as a Gargoyle Fighter on Feb 24, 2022.
             Killed by nerve-wracking pain
             ... invoked by an orc priest
              (3 damage)
             ... on level 3 of the Dungeon.
             The game lasted 00:02:00 (1752 turns).

zeram the Shield-Bearer (Gargoyle Fighter)          Turns: 1752, Time: 00:02:01

Health: 0/24       AC: 10    Str: 21    XL:     3   Next: 68%
Magic:  3/3        EV:  9    Int:  8    God:
Gold:   82         SH:  4    Dex:  9    Spells: 2/2 levels left

rFire   . . .      SeeInvis +   a - +0 flail
rCold   . . .      Faith    .   c - +0 buckler
rNeg    + . .      Spirit   .   b - +0 scale mail
rPois   ∞          Reflect  .   (no helmet)
rElec   +          Harm     .   (no cloak)
rCorr   +          Rampage  .   (no gloves)
Will    .....                   (no boots)
Stlth   ..........              (no amulet)
HPRegen 0.08/turn               f - ring of resist corrosion
MPRegen 0.08/turn               g - ring of see invisible

@: no status effects
A: sickness immunity, AC +3, negative energy resistance 1, electricity
resistance, torment resistance 1, petrification resistance
a: no special abilities


You were on level 3 of the Dungeon.
You visited 1 branch of the dungeon, and saw 3 of its levels.

You collected 82 gold pieces.

Inventory:

Hand Weapons
 a - a +0 flail (weapon)
Armour
 b - a +0 scale mail (worn)
 c - a +0 buckler (worn)
Jewellery
 f - a ring of resist corrosion (left hand)
 g - a ring of see invisible (right hand)
 m - an amulet of faith
Scrolls
 e - a scroll of enchant armour {unknown}
Potions
 d - 2 potions of might
 i - a potion of flight
 l - a potion of brilliance
 n - a potion of curing


   Skills:
 + Level 3.6 Fighting
 + Level 2.5 Maces & Flails
 + Level 3.6 Armour
 + Level 0.4 Dodging
 + Level 3.8 Shields


You had 2 spell levels left.
You didn't know any spells.
Your spell library was empty.

Dungeon Overview and Level Annotations

Branches:
Dungeon (3/15)

Altars:
Kikubaaqudgha

Shops:
D:3 *


Innate Abilities, Weirdness & Mutations

You are immune to sickness and miasma.
Your stone body is resilient. (AC +3)
You are immune to poison.
You resist negative energy. (rN+)
You are resistant to electric shocks. (rElec)
You are resistant to unholy torment.
You are immune to petrification.


Message History

An orc comes into view. It is wielding a +0 hand axe.
The orc shouts!
Things that are here:
a +0 dagger; a +0 leather armour You hit the orc priest.
The orc priest is moderately wounded.
The orc priest hits you but does no damage.
You barely miss the orc. The orc hits you but does no damage.
You sock the orc!
You kill the orc!
The orc priest barely misses you.
You hit the orc priest.
The orc priest is moderately wounded.
The orc priest barely misses you.
You hit the orc priest but do no damage.
The orc priest is moderately wounded.
The orc priest barely misses you.
You barely miss the orc priest.
The orc priest is moderately wounded.
The orc priest hits you but does no damage.
The orc priest invokes the aid of Beogh against you.
Beogh smites you!
You closely miss the orc priest.
The orc priest is moderately wounded.
The orc priest miscasts a cantrip.
You hit the orc priest but do no damage.
The orc priest is moderately wounded.
You block the orc priest's attack.
You barely miss the orc priest.
The orc priest is moderately wounded.
The orc priest hits you with a +0 flail.
You hit the orc priest but do no damage.
The orc priest is moderately wounded.
The orc priest invokes the aid of Beogh against you.
Beogh smites you!
Ouch! That really hurt!
* * * LOW HITPOINT WARNING * * *
The orc priest invokes the aid of Beogh against you.
Pain shoots through your body!
You die...

# ##### #.......# #
#...###.####..# #
#.............#
###..########..##
.....#....##...#
####.#._≈....⌠.# #
#.#...≈.....# #
#.#...≈.....####.###
#
#.##.≈≈≈≈≈..<@oo...#
#
#.##..≈≈≈≈..####....#
# .#...≈≈≈≈≈.# ..# #
...⌠......## #
##.........
#.##..#### #.. .#


You could see an orc priest and an orc.

Vanquished Creatures
  An adder skeleton (D:2)
  A dart slug (D:1)
  2 orcs (D:3)
  7 bats
  3 endoplasms (D:2)
  3 giant cockroaches
  4 hobgoblins
  A quokka (D:1)
  5 ball pythons
  3 frilled lizards (D:2)
  3 kobolds
  6 rats
39 creatures vanquished.

Notes
Turn   | Place    | Note
-------+----------+-------------------------------------------
     0 | D:1      | zeram the Gargoyle Fighter began the quest for the Orb.
     0 | D:1      | Reached XP level 1. HP: 14/14 MP: 1/1
   121 | D:1      | Reached XP level 2. HP: 19/19 MP: 2/2
   882 | D:2      | Reached XP level 3. HP: 23/23 MP: 3/3
  1011 | D:2      | Found a faded altar of an unknown god.
  1708 | D:3      | Found Afaisiot's General Store.
  1734 | D:3      | Found an ancient bone altar of Kikubaaqudgha.
  1752 | D:3      | Killed from afar by an orc priest

Illustrated notes

Levels and vault maps discovered:
D:1:      tarquinn_simple_flora_water_a, layout_basic
D:2:      layout_rooms, chequers_ecumenical_altar_lobes,
          kennysheep_generic_room_16
D:3:      layout_loops_ring, kiku_gazebo_pond_becter, nicolae_overflow_squiral,
          serial_shops, shop, minmay_misc_feat_alley

Action                   || total
-------------------------++-------
Melee: Flail             ||   111
  Use: Scroll            ||     6
Armor: Scale mail        ||    61
Dodge: Dodged            ||    45
Block: Buckler           ||    29
